 Dungeon Crawl Stone Soup version 0.28.0 (webtiles) character file.

Game seed: 18287472528286013208

1232 tizbic2 the Cleaver (level 8, 0/59 HPs)
             Began as a Hill Orc Artificer on Feb 6, 2022.
             Slain by an ogre (16 damage)
             ... on level 5 of the Dungeon.
             The game lasted 00:28:47 (6177 turns).

tizbic2 the Cleaver (Hill Orc Artificer)            Turns: 6177, Time: 00:28:47

Health: 0/59       AC: 10    Str: 17    XL:     8   Next: 48%
Magic:  13/13      EV:  9    Int: 11    God:
Gold:   231        SH:  0    Dex: 11    Spells: 7/7 levels left

rFire   . . .      SeeInvis .   q - +2 rapier (venom)
rCold   + . .      Faith    .   (no shield)
rNeg    . . .      Spirit   .   s - +3 scale mail {Will+}
rPois   .          Reflect  .   (no helmet)
rElec   .          Harm     .   (no cloak)
rCorr   .          Rampage  .   g - +0 pair of gloves
Will    +....                   (no boots)
Stlth   ..........              n - amulet of regeneration
HPRegen 0.99/turn               l - ring of protection from cold
MPRegen 0.13/turn               (no ring)

@: slowed, very slow
A: no striking features
a: no special abilities


You were on level 5 of the Dungeon.
You visited 1 branch of the dungeon, and saw 5 of its levels.
You also visited: Ossuary.

You collected 231 gold pieces.

Inventory:

Hand Weapons
 e - a +3 quarterstaff
 q - a +2 rapier of venom (weapon)
 w - a +0 hand axe
Missiles
 h - 40 stones (quivered)
 p - 6 poisoned darts
Armour
 g - a +0 pair of gloves (worn)
 s - a +3 scale mail of willpower (worn)
Jewellery
 l - a ring of protection from cold (left hand)
 n - an amulet of regeneration (around neck)
Wands
 c - a wand of flame (1)
 d - a wand of charming (12)
Scrolls
 a - 2 scrolls of noise
 i - a scroll of magic mapping
 o - 4 scrolls of fog {unknown}
 x - 2 scrolls of identify
 y - a scroll of amnesia {unknown}
 z - 3 scrolls of teleportation {unknown}
 A - a scroll of immolation {unknown}
Potions
 b - 3 potions of flight {unknown}
 f - a potion of curing
 k - 2 potions of attraction {unknown}
 t - a potion of degeneration {unknown}
 u - a potion of ambrosia {unknown}
 v - a potion of brilliance {unknown}
Miscellaneous
 r - a piece from Xom's chessboard (15/15)


   Skills:
 - Level 1.2 Fighting
 * Level 10.5 Axes
 - Level 2.1 Armour
 - Level 0.7 Dodging
 - Level 0.7 Stealth
 + Level 7.3 Invocations
 - Level 3.0 Evocations


You had 7 spell levels left.
You didn't know any spells.
Your spell library contained the following spells:

 Spells                   Type           Power      Damage    Failure   Level
 Ensorcelled Hibernation  Hex/Ice        0%         N/A       88%         2
 Passwall                 Tmut/Erth      0%         N/A       88%         2
 Conjure Flame            Conj/Fire      0%         6-21      98%         3
 Ignite Poison            Fire/Tmut/Pois 0%         N/A       98%         3
 Stone Arrow              Conj/Erth      0%         3d7       98%         3
 Swiftness                Air            0%         N/A       98%         3
 Tukima's Dance           Hex            0%         N/A       98%         3
 Anguish                  Hex/Necr       0%         N/A       100%        4
 Animate Armour           Summ/Erth      0%         N/A       100%        4
 Sticky Flame             Conj/Fire      0%         2d3       100%        4
 Enfeeble                 Hex            0%         N/A       100%        7
 Lehudib's Crystal Spear  Conj/Erth      0%         10d2      100%        8


Dungeon Overview and Level Annotations

Branches:
Dungeon (5/15)            Ossuary (visited)
 Temple: D:4-7

Altars:
Dithmenos
Uskayaw
Vehumet

Shops:
D:4 ((*=

Annotations:
D:5 2 runed translucent doors


Message History

You are more poisoned.
You feel as though you will be slow longer.
The hornet stings you.
* * * LOW HITPOINT WARNING * * *
You are more poisoned.
You feel as though you will be slow longer.
You feel better. The hornet stings you!
* * * LOW HITPOINT WARNING * * *
You feel as though you will be slow longer.
The hornet stings you.
* * * LOW HITPOINT WARNING * * *
You are poisoned.
You feel as though you will be slow longer.
You feel much better.
You feel very sick. The hornet stings you.
You feel as though you will be slow longer.
The hornet stings you.
You are more poisoned.
You suddenly lose the ability to move!
The hornet stings you but does no damage.
You feel very sick.
You kill the hornet!
You can move again.
Your piece from Xom's chessboard (15/15) has regained one charge.
Your Axes skill increases to level 10!
Your Invocations skill increases to level 7!
You feel very sick.
You feel very sick. The ogre closely misses you.
You feel very sick.
You feel sick.
You feel sick. The ogre hits you with a +0 giant club!
* * * LOW HITPOINT WARNING * * *
Okay, then.
You feel much better.
You feel sick.
The ogre hits you with a +0 giant club!!
* * * LOW HITPOINT WARNING * * *
You feel better. The ogre hits you with a +0 giant club!
You die...

*,*****,,≈§§#...#..#.#
*,,,,,**,,#.+..[#....#
*******,,≈≈.+...##.###
******* **,,⌠≈#..**#.#
,,,,,,* *≈*≈.#..* #.#
*****,* **≈.###** #.#
* *,* ########## #.#
*** *,*
#........####.#### ,,*
*,* #@######..........
*,***,*** #O#
####.....## *,,,,,,,*
#.# ##...## ,,,,,,*,*
#.##### ##.##
*******,* #.....# #.#
****,*** #####.# #.#
*,,,,,,* #.# ##'#*
*,**,*,*
***#O#***##...#*
*,**,*,*
*,,...,,*#.....#*


You could see an ogre.

Vanquished Creatures
  A hornet (D:5)
  Menkaure (D:4)
  Pargi (D:3)
  A black bear (D:4)
  An elf zombie (Ossuary)
  A centaur zombie (Ossuary)
  A hound (D:5)
  4 human zombies (Ossuary)
  2 bullfrog skeletons
  Natasha (thrice) (D:2)
  An orc wizard (D:4)
  4 hound zombies (Ossuary)
  4 mummies
  6 adders
  7 adder zombies (Ossuary)
  2 worms (D:2)
  2 dart slugs
  7 orcs
  12 endoplasms
  6 giant cockroaches
  A gnoll zombie (Ossuary)
  6 goblins
  6 hobgoblins
  5 jackals
  7 quokkas
  7 ball pythons
  A bat (D:1)
  4 frilled lizards
  2 goblin zombies
  2 hobgoblin zombies (Ossuary)
  5 jackal zombies (Ossuary)
  3 kobolds (D:3)
  3 orc zombies
  5 quokka zombies (Ossuary)
  4 rats
  3 rat zombies (Ossuary)
131 creatures vanquished.

Vanquished Creatures (collateral kills)
  An endoplasm (D:2)
1 creature vanquished.

Grand Total: 132 creatures vanquished

Notes
Turn   | Place    | Note
-------+----------+-------------------------------------------
     0 | D:1      | tizbic2 the Hill Orc Artificer began the quest for the Orb.
     0 | D:1      | Reached XP level 1. HP: 16/16 MP: 1/1
    64 | D:1      | Reached skill level 1 in Axes
   329 | D:1      | Reached skill level 1 in Invocations
   329 | D:1      | Reached XP level 2. HP: 22/23 MP: 2/2
   377 | D:1      | Reached skill level 2 in Axes
  1059 | D:1      | Found a faded altar of an unknown god.
  1105 | D:1      | Reached XP level 3. HP: 28/28 MP: 4/4
  1199 | D:2      | Reached skill level 3 in Axes
  1837 | D:2      | Noticed Natasha
  1846 | D:2      | Killed Natasha
  1847 | D:2      | Reached skill level 4 in Axes
  1847 | D:2      | Reached XP level 4. HP: 17/35 MP: 4/6
  1893 | D:2      | Noticed Natasha
  1907 | D:2      | Killed Natasha
  2460 | D:2      | Noticed Natasha
  2472 | D:2      | Killed Natasha
  2473 | D:2      | Reached skill level 5 in Axes
  2473 | D:2      | Reached XP level 5. HP: 15/40 MP: 7/7
  2942 | D:3      | Found a hide-covered altar of Uskayaw.
  3236 | D:3      | Found a shadowy altar of Dithmenos.
  3758 | D:3      | Noticed Pargi
  3776 | D:3      | Killed Pargi
  3777 | D:3      | Reached skill level 6 in Axes
  3777 | D:3      | Reached XP level 6. HP: 33/47 MP: 7/9
  4129 | D:4      | Found Rush's General Store.
  4191 | D:4      | Found Fuawk's Antique Weapon Boutique.
  4224 | D:4      | Found a radiant altar of Vehumet.
  4334 | D:4      | Noticed a black bear
  4349 | D:4      | Killed a black bear
  4350 | D:4      | Reached skill level 7 in Axes
  4350 | D:4      | Reached skill level 5 in Invocations
  4350 | D:4      | Reached XP level 7. HP: 41/52 MP: 10/10
  4481 | D:4      | Found Qacrit's Antique Weapon Boutique.
  4834 | D:4      | Found Dejuke Dady's Jewellery Shoppe.
  4969 | D:4      | Noticed Menkaure
  4980 | D:4      | Killed Menkaure
  4981 | D:4      | Reached skill level 8 in Axes
  5294 | D:5      | Entered Level 5 of the Dungeon
  5348 | D:5      | Found a large runed translucent door.
  5348 | D:5      | Found a large runed translucent door.
  5405 | D:5      | Found a sand-covered staircase.
  5416 | Ossuary  | Entered an ossuary
  5597 | Ossuary  | Reached skill level 9 in Axes
  5693 | Ossuary  | Reached XP level 8. HP: 59/59 MP: 12/12
  5928 | D:5      | Noticed a troll
  6157 | D:5      | Noticed a hornet
  6164 | D:5      | Paralysed by a hornet for 2 turns
  6169 | D:5      | Paralysed by a hornet for 2 turns
  6170 | D:5      | Killed a hornet
  6171 | D:5      | Reached skill level 10 in Axes
  6175 | D:5      | HP: 2/59 [ogre (7)]
  6177 | D:5      | Slain by an ogre

Illustrated notes

Levels and vault maps discovered:
D:1:      kennysheep_arrival_seaside, layout_loops_cross,
          hellmonk_ecumenical_altar_pennies_from_heaven
D:2:      layout_loops_ring, uniq_natasha
D:3:      minmay_recursive_quarters, layout_loops_corners,
          mainiacjoe_overflow_brackets, grunt_dithmenos_smoke,
          minmay_misc_feat_columns, uniq_pargi
D:4:      layout_basic, nicolae_overflow_crystal_walls, serial_shops, shop,
          shop, nicolae_shop_behind_doors, shop, uniq_menkaure
D:5:      layout_loops_corners, ebering_ghost_disaster_area,
          nicolae_ossuary_entry_giza

Skill      XL: |  1  2  3  4  5  6  7  8 |
---------------+-------------------------+-----
Axes           | 1 2 4 5 6 7 9 10 | 10.5
Invocations    | 1 2 3 4 5 6 7 |  7.3
Fighting       | |  1.2
Armour         | |  2.1
Dodging        | |  0.7
Stealth        | |  0.7
Evocations     | |  3.0

Action                   |  1- 3 |  4- 6 |  7- 9 || total
-------------------------+-------+-------+-------++-------
Melee: Club              |    49 |       |       ||    49
       Scimitar          |    11 |       |       ||    11
       Punch             |     3 |     3 |     1 ||     7
       Hand axe          |    31 |   107 |    88 ||   226
       Dagger            |       |    52 |       ||    52
       Quarterstaff      |       |    20 |   137 ||   157
       Rapier            |       |     7 |    33 ||    40
Throw: Dart              |       |     8 |     1 ||     9
       Stone             |       |       |    28 ||    28
Evoke: Wand              |    13 |       |     4 ||    17
       Piece from Xom's  |     4 |     8 |     1 ||    13
  Use: Scroll            |       |     5 |     3 ||     8
       Potion            |       |       |     5 ||     5
 Stab: Paralysed         |     7 |     8 |       ||    15
Armor: Leather armour    |    11 |       |       ||    11
       Ring mail         |    16 |     7 |       ||    23
       Chain mail        |       |    84 |       ||    84
       Scale mail        |       |     8 |   148 ||   156
Dodge: Dodged            |    54 |    70 |   117 ||   241
